 Dungeon Crawl Stone Soup version 0.28.0-53-g5a82cb258f (webtiles) character file.

Game seed: 7589930022502461732

10238 concernfroge the Fighter (level 11, -6/100 (102) HPs)
             Began as a Minotaur Berserker on June 17, 2022.
             Was a Priest of Trog.
             Mangled by Joseph
             ... wielding a +3 quarterstaff
              (9 damage)
             ... on level 10 of the Dungeon.
             The game lasted 00:23:11 (10284 turns).

concernfroge the Fighter (Minotaur Berserker)      Turns: 10284, Time: 00:23:13

HP:   -6/100 (102)  AC: 22    Str: 26    XL:     11   Next: 33%
MP:   10/10         EV: 10    Int:  4    God:    Trog [***...]
Gold: 482           SH:  0    Dex: 10    Spells: 10/10 levels left

rFire   . . .      SeeInvis .   k - +1 halberd (flame)
rCold   . . .      Faith    .   (shield currently unavailable)
rNeg    . . .      Spirit   .   q - +0 plate armour
rPois   +          Reflect  .   (helmet restricted)
rElec   .          Harm     .   (no cloak)
rCorr   .          Rampage  .   b - +0 pair of gloves
Will    .....                   i - +0 pair of boots
Stlth   ..........              (no amulet)
HPRegen 0.26/turn               m - ring of poison resistance
MPRegen 0.12/turn               h - +4 ring of protection

@: about to teleport, on berserk cooldown, slowed, lightly drained, very slow
A: horns 2, retaliatory headbutt
a: Renounce Religion, Berserk, Trog's Hand


You were on level 10 of the Dungeon.
You worshipped Trog.
Trog was most pleased with you.
You visited 2 branches of the dungeon, and saw 11 of its levels.

You collected 482 gold pieces.

Inventory:

Hand Weapons
 g - a +0 glaive
 k - a +1 halberd of flaming (weapon)
Armour
 b - a +0 pair of gloves (worn)
 i - a +0 pair of boots (worn)
 q - a +0 plate armour (worn)
Jewellery
 c - a +6 ring of intelligence
 h - a +4 ring of protection (right hand)
 m - a ring of poison resistance (left hand)
 r - a +6 ring of dexterity
 s - a ring of protection from cold
Wands
 d - a wand of iceblast (12)
 e - a wand of digging (1)
 f - a wand of paralysis (11)
 l - a wand of charming (1)
 t - a wand of flame (13)
Scrolls
 j - a scroll of vulnerability {unknown}
 n - 3 scrolls of teleportation
 u - a scroll of torment {unknown}
Potions
 a - 3 potions of curing
 o - a potion of haste
 p - a potion of resistance {unknown}
 v - a potion of cancellation


   Skills:
 + Level 11.3 Fighting
 + Level 11.3 Polearms
 + Level 11.0 Armour
 + Level 10.1 Dodging


You had 10 spell levels left.
You didn't know any spells.
Your spell library was empty.

Dungeon Overview and Level Annotations

Branches:
Dungeon (10/15)            Temple (1/1) D:7
   Lair: D:8-11         Orc: D:9-12

Altars:
Ashenzari
Cheibriados
Dithmenos
Elyvilon
Fedhas
Gozag
Hepliaklqana
Kikubaaqudgha
Makhleb
Nemelex Xobeh
Okawaru
Qazlal
Ru
Sif Muna
Trog
Uskayaw
Vehumet
Wu Jian
Xom
Yredelemnul
Zin
The Shining One

Shops:
D:5 *

Annotations:
D:6 1 runed translucent door, quokkamancerX's ghost, novice TeSu
D:10 Joseph


Innate Abilities, Weirdness & Mutations

You have a pair of horns on your head.
You reflexively headbutt those who attack you in melee.


Message History

The orc warrior hits you but does no damage.
You reach to attack!
You slice the orc warrior!! You burn the orc warrior.
You kill the orc warrior!
Trog accepts your kill.
No target in view!
Things that are here:
a +0 flail; a +0 leather armour You feel a strong urge to attack something.
Items here: ))) [ ††.
Okay, then.
You are no longer berserk.
You are exhausted.
You feel yourself slow down.
You feel the effects of Trog's Hand fading.
Things that are here:
a +0 glaive; a +0 chain mail You start resting.
Your skin stops crawling.
You feel less strong-willed.
You start resting.
Joseph, a Mercenary comes into view.
He is wielding a +3 quarterstaff and carrying a wand of iceblast (2).
You reach to attack!
You hit Joseph but do no damage.
Joseph unwields a +3 quarterstaff.
Joseph wields a +0 hunting sling.
Joseph shoots a sling bullet.
The sling bullet hits you!
You reach to attack!
You closely miss Joseph.
Joseph unwields a +0 hunting sling.
Joseph wields a +3 quarterstaff.
Joseph drinks a potion.
Joseph goes berserk!
You reach to attack!
You barely miss Joseph. Joseph hits you but does no damage.
You completely miss Joseph. Joseph hits you but does no damage.
Joseph hits you with a +3 quarterstaff.
You barely miss Joseph. Joseph hits you with a +3 quarterstaff.
Joseph hits you with a +3 quarterstaff!!
As you read the scroll of teleportation, it crumbles to dust.
You feel strangely unstable. Joseph hits you with a +3 quarterstaff!
* * * LOW HITPOINT WARNING * * *
Joseph hits you with a +3 quarterstaff!!
* * * LOW HITPOINT WARNING * * *
A two-headed ogre comes into view. It is wielding two +0 giant clubs.
Joseph hits you with a +3 quarterstaff!
You die...

#.....# ..
#.....#....
#.)...#....
#..........
..........
#.........
#@........ #
#@........ #.
#†).......
#.###.).......
#.).O.........
#....#########
#....#########
#........:...#
#............#
####+####.........#


You could see Joseph (berserk) and a two-headed ogre.

Vanquished Creatures
  2 centaur warriors (D:9)
  A boulder beetle (D:9)
  2 two-headed ogres (D:9)
  Maggie (D:10)
  A hornet (D:9)
  Grinder (D:4)
  Prince Ribbit (D:8)
  A wyvern (D:9)
  17 yaks
  A wraith (D:9)
  3 vampire mosquitoes (D:10)
  2 water moccasins
  An acid dragon (D:9)
  3 orc warriors
  2 sky beasts
  A hornet zombie (D:8)
  A necrophage (D:7)
  A black bear (D:5)
  2 ogres
  2 centaurs
  A kobold brigand (D:8)
  A phantom (D:7)
  Blork the orc (D:4)
  3 bullfrogs
  A scorpion (D:7)
  A water moccasin zombie (D:6)
  A water moccasin skeleton (D:6)
  6 killer bees (D:9)
  3 howler monkeys (D:10)
  A centaur zombie (D:7)
  2 bullfrog skeletons
  2 jellies
  3 orc priests
  2 centaur skeletons
  3 hounds
  2 iguanas
  4 orc wizards
  A hound zombie (D:5)
  A hound skeleton (D:5)
  3 howler monkey zombies
  8 gnolls
  11 adders
  2 white imps (D:6)
  An ufetubus (D:5)
  An adder zombie (D:5)
  2 worms (D:3)
  2 dart slugs
  23 orcs
  4 ball pythons
  5 bats
  4 endoplasms
  A giant cockroach (D:4)
  5 goblins
  4 hobgoblins
  11 jackals
  A quokka (D:5)
  4 frilled lizards
  5 kobolds
  2 rats
184 creatures vanquished.

Vanquished Creatures (others)
  Maurice (D:9)
1 creature vanquished.

Grand Total: 185 creatures vanquished

Notes
Turn   | Place    | Note
-------+----------+-------------------------------------------
     0 | D:1      | concernfroge the Minotaur Berserker began the quest for the
                  | Orb.
     0 | D:1      | Reached XP level 1. HP: 19/19 MP: 0/0
   290 | D:1      | Reached XP level 2. HP: 27/27 MP: 1/1
   704 | D:1      | Reached XP level 3. HP: 32/33 MP: 2/2
  1729 | D:2      | Found a faded altar of an unknown god.
  1741 | D:2      | Reached ** piety under Trog
  1742 | D:2      | Reached XP level 4. HP: 41/41 MP: 3/3
  2467 | D:3      | Reached XP level 5. HP: 21/47 MP: 4/4
  2951 | D:3      | Reached skill level 5 in Fighting
  3064 | D:3      | Reached skill level 5 in Polearms
  3198 | D:4      | Noticed Grinder
  3204 | D:4      | Killed Grinder
  3205 | D:4      | Reached XP level 6. HP: 56/56 MP: 5/5
  3291 | D:4      | Noticed Blork the orc
  3309 | D:4      | Killed Blork the orc
  3310 | D:4      | Reached XP level 7. HP: 61/62 MP: 6/6
  3373 | D:4      | Reached skill level 5 in Armour
  3581 | D:4      | Found a broken altar of Ashenzari.
  4054 | D:5      | Entered Level 5 of the Dungeon
  4190 | D:5      | Reached skill level 5 in Dodging
  4391 | D:5      | Found Ahiut's General Store.
  4998 | D:5      | Noticed a yak
  4998 | D:5      | Noticed a yak
  5000 | D:5      | Noticed a yak
  5000 | D:5      | Noticed a yak
  5000 | D:5      | Noticed a yak
  5001 | D:5      | Noticed a yak
  5004 | D:5      | Killed a yak
  5006 | D:5      | Killed a yak
  5007 | D:5      | Reached XP level 8. HP: 71/71 MP: 7/7
  5707 | D:6      | Reached XP level 9. HP: 24/81 MP: 8/8
  6122 | D:6      | Found a runed translucent door.
  6122 | D:6      | Noticed quokkamancerX's ghost (novice TeSu)
  6538 | D:7      | Reached *** piety under Trog
  6550 | D:7      | Found a staircase to the Ecumenical Temple.
  6718 | Temple   | Entered the Ecumenical Temple
  7710 | D:8      | Noticed Prince Ribbit
  7727 | D:8      | Killed Prince Ribbit
  8187 | D:9      | Noticed a two-headed ogre
  8193 | D:9      | Killed a two-headed ogre
  8194 | D:9      | Reached XP level 10. HP: 91/91 MP: 9/9
  8250 | D:9      | Noticed Maurice
  8254 | D:9      | Noticed a centaur warrior
  8261 | D:9      | Killed Maurice
  8262 | D:9      | HP: 2/91 [centaur warrior/arrow (11)]
  8409 | D:9      | Noticed a two-headed ogre
  8415 | D:9      | Killed a two-headed ogre
  8424 | D:9      | Reached skill level 10 in Polearms
  8530 | D:9      | Reached skill level 10 in Fighting
  8585 | D:9      | Reached skill level 10 in Armour
  8721 | D:9      | Noticed a boulder beetle
  8846 | D:9      | Killed a boulder beetle
  9235 | D:9      | Identified the +0 morningstar "Ynirches" {venom, rC+ Int+5}
  9246 | D:9      | Killed a centaur warrior
  9247 | D:9      | Reached XP level 11. HP: 71/101 MP: 10/10
  9447 | D:9      | Noticed a centaur warrior
  9454 | D:9      | Killed a centaur warrior
 10030 | D:9      | Noticed a five-headed hydra
 10061 | D:10     | Entered Level 10 of the Dungeon
 10065 | D:10     | Reached skill level 10 in Dodging
 10160 | D:10     | Found a burning altar of Makhleb.
 10235 | D:10     | Noticed Maggie
 10241 | D:10     | Killed Maggie
 10278 | D:10     | Noticed Joseph
 10284 | D:10     | HP: 3/100 [Joseph/+3 quarterstaff (25)]
 10284 | D:10     | Noticed a two-headed ogre
 10284 | D:10     | Mangled by Joseph

Illustrated notes

Levels and vault maps discovered:
D:1:      sevenhm_arrival_forest_fort_small_3, layout_loops_ring,
          wander_ebering_terrifying_dragon_lair
D:2:      layout_loops_corners, shapermc_ecumenical_altar_totnotflames
D:3:      layout_basic, columned_hall_lemuel
D:4:      layout_loops_cross, cheibrodos_ashenzari_chains, uniq_grinder,
          uniq_blork_the_orc, uniq_crazy_yiuf_cottage
D:5:      layout_layer_cave, serial_undead, serial_undead_f, serial_undead_e,
          serial_undead_a, serial_undead_f, serial_shops,
          nicolae_shop_hallway_plus, nicolae_concentric_dashed_squares_wild
D:6:      layout_cave_pools, gammafunk_ghost_grave, hangedman_glass_teeth
D:7:      layout_rooms, minmay_temple_entry_slanted
D:8:      layout_gridville, corner_web_ring, uniq_prince_ribbit1
D:9:      layout_small_grid, nicolae_benzene_ring, small_chamber_with_monster,
          grunt_tough_drop, uniq_maurice
D:10:     layout_basic, bloody_makhleb, minmay_misc_feat_plants, uniq_erolcha,
          uniq_joseph, uniq_maggie
Temple:   mainiacjoe_temple_cubbyholes

Skill      XL: |  1  2  3  4  5  6  7  8  9 10 11 |
---------------+----------------------------------+-----
Polearms       | 4 5 6 8 9 10 11 | 11.3
Fighting       | 4 5 6 8 9 10 11 | 11.3
Armour         | 3 4 6 7 9 10 11 | 11.0
Dodging        | 3 4 5 6 8 9 10 | 10.1

Action                   |  1- 3 |  4- 6 |  7- 9 | 10-12 || total
-------------------------+-------+-------+-------+-------++-------
Melee: Spear             |    85 |    38 |       |       ||   123
       Headbutt          |     6 |     3 |    34 |    23 ||    66
       Punch             |     3 |       |       |       ||     3
       Halberd           |       |    35 |   247 |   148 ||   430
Invok: Berserk           |       |     2 |     4 |     4 ||    10
       Trog's Hand       |       |     1 |     1 |     2 ||     4
  Use: Scroll            |       |     7 |     5 |     4 ||    16
       Potion            |       |     4 |     2 |     2 ||     8
 Stab: Sleeping          |     2 |       |       |       ||     2
       Distracted        |     1 |       |       |       ||     1
Armor: Animal skin       |     7 |    12 |       |       ||    19
       Ring mail         |       |     2 |    58 |       ||    60
       Plate armour      |       |       |    70 |    86 ||   156
Dodge: Dodged            |    40 |    40 |   132 |    52 ||   264
